 Dungeon Crawl Stone Soup version 0.23.2-40-g277498a001 (webtiles) character file.

Game seed: 7290521953150923482

3983 Exodus22XD the Destroyer (level 10, -2/50 HPs)
             Began as a Deep Elf Wizard on Sept 20, 2019.
             Was a Follower of Vehumet.
             Slain by an unseen horror (3 damage)
             ... on level 9 of the Dungeon.
             The game lasted 00:33:33 (8880 turns).

Exodus22XD the Destroyer (Deep Elf Wizard)          Turns: 8880, Time: 00:33:34

Health: -2/50      AC:  5    Str:  4    XL:     10   Next: 2%
Magic:  21/27      EV: 13    Int: 32    God:    Vehumet [*.....]
Gold:   325        SH:  0    Dex: 13    Spells: 19/31 levels left

rFire    . . .     SeeInvis .   n - staff of air
rCold    . . .     Gourm    .   (no shield)
rNeg     . . .     Faith    .   a - +0 robe
rPois    +         Spirit   .   c - +0 helmet
rElec    +         Reflect  .   o - +0 cloak
rCorr    .         Harm     .   p - +0 pair of gloves
MR       +....                  (no boots)
Stlth    ++........             (no amulet)
HPRegen  0.16/turn              k - ring of wizardry
MPRegen  0.20/turn              q - ring of poison resistance

@: brilliant
A: no striking features
a: Renounce Religion


You were on level 9 of the Dungeon.
You worshipped Vehumet.
Vehumet was aware of your devotion.
You were not hungry.

You visited 2 branches of the dungeon, and saw 10 of its levels.

You collected 325 gold pieces.

Inventory:

Hand Weapons
 h - a +0 dagger
Armour
 a - a +0 robe (worn)
 c - a +0 helmet (worn)
 o - a +0 cloak (worn)
 p - a +0 pair of gloves (worn)
Magical Staves
 n - an uncursed staff of air (weapon)
 C - an uncursed staff of energy
Jewellery
 k - a ring of wizardry (left hand)
 q - a ring of poison resistance (right hand)
 H - an uncursed amulet of faith {unknown}
Wands
 F - a wand of clouds (4)
 I - a wand of acid (3)
Scrolls
 b - a scroll of summoning {unknown}
 e - 6 scrolls of remove curse
 i - 3 scrolls of fear
 j - 4 scrolls of enchant weapon
 l - 2 scrolls of immolation {unknown}
 m - 2 scrolls of magic mapping {unknown}
 t - a scroll of enchant armour {unknown}
 v - 5 scrolls of fog
 w - a scroll of blinking
 y - a scroll of noise {unknown}
 z - 7 scrolls of teleportation
 D - 3 scrolls of amnesia {unknown}
Potions
 f - a potion of berserk rage {unknown}
 g - 3 potions of agility
 r - a potion of flight {unknown}
 s - 2 potions of might
 u - 2 potions of lignification
 x - a potion of brilliance
 B - a potion of cancellation {unknown}
 G - a potion of invisibility {unknown}
Comestibles
 d - 23 rations
 E - 2 chunks of flesh


   Skills:
 - Level 2.4 Dodging
 - Level 2.4 Stealth
 - Level 11.2 Spellcasting
 * Level 12.1 Conjurations
 - Level 4.5 Summonings
 - Level 1.1 Translocations


You had 19 spell levels left.
You knew the following spells:

 Your Spells              Type           Power        Failure   Level  Hunger
a - Magic Dart            Conj           ####         0%          1    None
b - Call Imp              Summ           ######..     1%          2    None
c - Blink                 Tloc           N/A          1%          2    None
d - Conjure Flame         Conj/Fire      ######..     1%          3    None
e - Mephitic Cloud        Conj/Pois/Air  #######.     1%          3    None
f - Shock                 Conj/Air       ####         1%          1    None

Your spell library contained the following spells:

 Spells                   Type           Power        Failure   Level  Hunger
 Animate Skeleton         Necr           N/A          1%          1    None
 Apportation              Tloc           #####.       1%          1    None
 Confusing Touch          Hex            #####.       1%          1    None
 Summon Small Mammal      Summ           ####         1%          1    None
 Slow                     Hex            #####...     1%          2    None


Dungeon Overview and Level Annotations

Branches:
Dungeon (9/15)             Temple (1/1) D:6
   Lair: D:8-11         Orc: D:9-12

Altars:
Ashenzari
Cheibriados
Dithmenos
Elyvilon
Fedhas
Gozag
Hepliaklqana
Kikubaaqudgha
Makhleb
Nemelex Xobeh
Okawaru
Qazlal
Ru
Sif Muna
Trog
Uskayaw
Vehumet
Wu Jian
Xom
Yredelemnul
Zin
The Shining One

Shops:
D:5 *[*

Annotations:
D:9 Erolcha


Message History

You feel better. Something hits you!
* * * LOW HITPOINT WARNING * * *
Something hits you!
* * * LOW HITPOINT WARNING * * *
Casting: Conjure Flame (safe; 1% risk of failure)
Confirm with . or Enter, or press ? or * to list all spells.
You can't see any susceptible monsters within range! (Use Z to cast anyway.)
Casting: Conjure Flame (safe; 1% risk of failure)
Confirm with . or Enter, or press ? or * to list all spells.
Aiming: Mephitic Cloud (safe; 1% risk of failure)
Press: ? - help, Shift-Dir - straight line You feel a surge of power!
The ball explodes into a vile cloud!
The stinking cloud engulfs something but does no damage.
Something hits you.
* * * LOW HITPOINT WARNING * * *
It was a potion of brilliance.
You feel clever all of a sudden. Something hits you.
You die...

#.('............####.......#
####............# #...[...#
####'######### ###'#####
#.....# #.#### ########.###
#....# # #..>.......#
#####.## # #...)......#
#.>....# #
#..(......§#######......# #
#.(.>.5...§☼§@...#......### #
#(........(#####..........###
# #.(......).# ###......#...#
####..........# #......###.##
'.##..........# #......# #...
#.##..........# #).....# ####
#.............# ##.#####
####..........# #..#
##.######### ##<###


You could see a friendly iron imp (wandering).

Vanquished Creatures
  Psyche (D:9)
  2 trolls (D:9)
  2 hippogriffs (D:9)
  2 orc warriors
  3 sky beasts
  2 phantoms
  3 ogres
  8 centaurs
  5 bullfrogs
  5 scorpions
  A howler monkey (D:5)
  3 crimson imps
  2 orc priests (D:8)
  3 orc wizards
  2 centaur skeletons (D:7)
  2 hounds
  A bullfrog skeleton (D:6)
  5 worker ants
  2 worker ant zombies
  18 adders
  3 shadow imps
  3 oozes
  2 adder skeletons
  2 worms (D:2)
  A dart slug (D:1)
  6 leopard geckos
  21 orcs
  4 giant cockroaches
  10 goblins
  8 hobgoblins
  12 jackals
  8 kobolds
  3 quokkas
  7 bats
  5 frilled lizards
  A leopard gecko skeleton (D:4)
  A quokka zombie (D:5)
  4 rats
173 creatures vanquished.

Vanquished Creatures (collateral kills)
  A big kobold (D:9)
  A kobold (D:9)
2 creatures vanquished.

Grand Total: 175 creatures vanquished

Notes
Turn   | Place    | Note
-------+----------+-------------------------------------------
     0 | D:1      | Exodus22XD the Deep Elf Wizard began the quest for the Orb.
     0 | D:1      | Reached XP level 1. HP: 10/10 MP: 7/7
    78 | D:1      | Reached skill level 2 in Conjurations
   100 | D:1      | Reached XP level 2. HP: 15/15 MP: 1/9
   360 | D:1      | Reached skill level 3 in Conjurations
   646 | D:1      | Reached XP level 3. HP: 19/19 MP: 2/10
   969 | D:2      | Found a faded altar of an unknown god.
  1090 | D:2      | Reached skill level 4 in Conjurations
  1245 | D:2      | Reached XP level 4. HP: 24/24 MP: 1/12
  1250 | D:2      | Learned a level 2 spell: Call Imp
  1254 | D:2      | Learned a level 2 spell: Blink
  1258 | D:2      | Learned a level 3 spell: Conjure Flame
  1262 | D:2      | Learned a level 3 spell: Mephitic Cloud
  1913 | D:3      | Reached XP level 5. HP: 28/28 MP: 4/13
  2853 | D:5      | Entered Level 5 of the Dungeon
  2853 | D:5      | Found a hide-covered altar of Uskayaw.
  2853 | D:5      | Noticed a +0 dagger
  2853 | D:5      | Noticed a +0 hand axe
  3081 | D:5      | Found Tiyrahum's Armour Shop.
  3120 | D:5      | Noticed a centaur
  3127 | D:5      | Killed a centaur
  3127 | D:5      | Reached XP level 6. HP: 32/32 MP: 4/14
  3221 | D:5      | Reached skill level 5 in Conjurations
  3243 | D:5      | Found Etiawn's General Store.
  3497 | D:5      | Reached skill level 5 in Spellcasting
  3802 | D:5      | Noticed a sky beast
  4219 | D:5      | Killed a sky beast
  4219 | D:5      | Reached XP level 7. HP: 36/36 MP: 11/19
  4348 | D:5      | Found Pyanlout's Assorted Antiques.
  4670 | D:6      | Found a bloodstained altar of Trog.
  4951 | D:6      | Reached skill level 10 in Spellcasting
  4961 | D:6      | Reached XP level 8. HP: 39/41 MP: 7/24
  5067 | D:6      | Found a staircase to the Ecumenical Temple.
  5076 | Temple   | Entered the Ecumenical Temple
  5237 | Temple   | Became a worshipper of Vehumet
  5859 | D:7      | Reached skill level 6 in Conjurations
  5959 | D:7      | Found a blossoming altar of Fedhas.
  5966 | D:7      | Reached skill level 7 in Conjurations
  6057 | D:7      | Found an opulent altar of Gozag.
  6090 | D:7      | Found a blossoming altar of Fedhas.
  6557 | D:8      | Reached skill level 8 in Conjurations
  6695 | D:8      | Reached XP level 9. HP: 45/45 MP: 18/26
  7078 | D:8      | Reached * piety under Vehumet
  7078 | D:8      | Offered knowledge of Shock by Vehumet.
  7081 | D:8      | Learned a level 1 spell: Shock
  7377 | D:8      | Reached skill level 9 in Conjurations
  7845 | D:9      | Reached skill level 10 in Conjurations
  8343 | D:9      | Noticed a troll
  8364 | D:9      | Killed a troll
  8364 | D:9      | Reached skill level 11 in Conjurations
  8547 | D:9      | Noticed a troll
  8561 | D:9      | Killed a troll
  8621 | D:9      | Noticed Erolcha
  8644 | D:9      | Noticed Psyche
  8656 | D:9      | Killed Psyche
  8656 | D:9      | Reached skill level 12 in Conjurations
  8656 | D:9      | Reached XP level 10. HP: 50/50 MP: 14/27
  8879 | D:9      | HP: 1/50 [something (6)]
  8880 | D:9      | Slain by an unseen horror

Skill      XL: |  1  2  3  4  5  6  7  8  9 |
---------------+----------------------------+-----
Conjurations   | 2 3 4 5 8 12 | 12.1
Summonings     | 2 4 |  4.5
Spellcasting   | 7 10 11 | 11.2
Dodging        | |  2.4
Stealth        | |  2.4
Translocations | |  1.1

Action                   |  1- 3 |  4- 6 |  7- 9 | 10-12 || total
-------------------------+-------+-------+-------+-------++-------
Melee: Dagger            |     4 |       |       |       ||     4
       Staff             |       |     3 |     2 |       ||     5
 Cast: Magic Dart        |    97 |   141 |   311 |       ||   549
       Mephitic Cloud    |       |     3 |    21 |     1 ||    25
       Conjure Flame     |       |     4 |    27 |     1 ||    32
       Call Imp          |       |       |     9 |     2 ||    11
       Shock             |       |       |     3 |       ||     3
       Blink             |       |       |     2 |       ||     2
  Use: Scroll            |       |       |    12 |     1 ||    13
       Potion            |       |       |     2 |     2 ||     4
  Eat: Chunk             |     1 |     6 |    13 |       ||    20
       Ration            |       |     1 |       |       ||     1
Armor: Robe              |       |     7 |    11 |     1 ||    19
Dodge: Dodged            |    11 |    20 |    37 |       ||    68
